 Dungeon Crawl Stone Soup version 0.15-a0-2246-gfd41422 (webtiles) character file.

81 Qrupt the Cutter (level 4, -2/30 HPs)
             Began as a Halfling Fighter on July 26, 2014.
             Killed from afar by an orc wizard (5 damage)
             ... with a magic dart
             ... on Level 3 of the Dungeon.
             The game lasted 00:05:12 (1868 turns).

Qrupt the Cutter (Halfling Fighter)                 Turns: 1868, Time: 00:05:12

HP  -2/30        AC  6     Str 16      XL: 4   Next: 68%
MP   4/4         EV 10     Int  7      God:
Gold 143         SH  5     Dex 14      Spells:  0 memorised,  3 levels left

rFire  + . .     SeeInvis .     a - +0 cutlass
rCold  . . .     Clarity  .     b - +0 scale mail
rNeg   . . .     rCorr    .     c - +0 buckler
rPois  .         rRot     .     (no helmet)
rElec  .         Spirit   .     (no cloak)
SustAb .         Warding  .     (no gloves)
rMut   .         Stasis   .     (no boots)
Gourm  .                        (no amulet)
MR     .....                    (no ring)
                                g - ring of protection from fire

@: very slightly contaminated, hasted, very quick, not resistant to hostile
enchantments, extremely unstealthy
A: mutation resistance 1
a: no special abilities


You were on level 3 of the Dungeon.
You were hungry.

You visited 1 branch of the dungeon, and saw 3 of its levels.

You collected 143 gold pieces.

Inventory:

Hand weapons
 a - a +0 cutlass (weapon)
 x - a -1 hunting sling
Armour
 b - a +0 scale mail (worn)
 c - a +0 buckler (worn)
Comestibles
 d - 3 bread rations
 f - 2 chunks of human flesh
 h - a royal jelly
 j - a beef jerky
Scrolls
 i - a scroll of fear
 m - a scroll of immolation {unknown}
 n - a scroll of recharging {unknown}
 o - a scroll of blinking {unknown}
 q - a scroll of teleportation {unknown}
 r - a scroll of noise {unknown}
 v - a scroll of enchant weapon {unknown}
 w - 2 scrolls of amnesia {unknown}
 C - a scroll of magic mapping {unknown}
Jewellery
 g - a ring of protection from fire (left hand)
Potions
 k - a potion of haste
 l - a potion of agility
 p - 2 potions of magic
 z - 2 potions of restore abilities
 A - a potion of brilliance
Books
 y - a book of Clouds

   Spells                             Type                      Level
   Mephitic Cloud                     Conjuration/Poison/Air       3
   Conjure Flame                      Conjuration/Fire             3
   Poisonous Cloud                    Conjuration/Poison/Air       6
   Freezing Cloud                     Conjuration/Ice/Air          6
   Ring of Flames                     Charms/Fire                  7


   Skills:
 - Level 2.6 Fighting
 + Level 6.0 Short Blades
 - Level 3.2 Armour
 - Level 3.2 Shields


You had 3 spell levels left.
You didn't know any spells.

Dungeon Overview and Level Annotations

Branches:
Dungeon (3/15)

Altars:


Innate Abilities, Weirdness & Mutations

You are small and have problems with some larger weapons.
You are somewhat resistant to further mutation.


Message History

The magic dart hits you!
* * * LOW HITPOINT WARNING * * *
You closely miss the orc wizard.
The orc wizard is lightly wounded.
You hit the orc wizard but do no damage.
The orc wizard is lightly wounded.
The orc wizard hits you but does no damage.
You puncture the orc wizard!
The orc wizard is heavily wounded.
The orc wizard closely misses you.
You hit the orc wizard.
The orc wizard is heavily wounded.
You hit the orc wizard.
The orc wizard is severely wounded.
The orc wizard hits you but does no damage.
You barely miss the orc wizard.
The orc wizard is severely wounded.
The orc wizard casts a spell at you. The magic dart hits you!
You die...

# ##.##......#
#..#......# . . #
#####.##.####...#
. ...#.........# .
#. #..#.####.## .
#. #.......# # #.
#.#...### .
#.##.#.>.###
#[@o)%.....#.
#####.##..#.# . .
..o.......#..#...#
#.#####.#.#..#####
#. .[..# ##.#.....
# #.######. # # #.
. # ## .


You could see an orc wizard.

Vanquished Creatures
  An orc priest (D:3)
  Jessica (D:3)
  An ooze (D:2)
  An orc (D:3)
  8 bats
  4 hobgoblins
  3 jackals (D:1)
  4 kobolds
  A giant newt (D:2)
  8 goblins
  4 rats
36 creatures vanquished.

Vanquished Creatures (others)
  A giant mite (D:1)
1 creature vanquished.

Grand Total: 37 creatures vanquished

Notes
Turn   | Place    | Note
--------------------------------------------------------------
     0 | D:1      | Qrupt, the Halfling Fighter, began the quest for the Orb.
     0 | D:1      | Reached XP level 1. HP: 15/15 MP: 1/1
   228 | D:1      | Reached XP level 2. HP: 20/20 MP: 2/2
   382 | D:1      | Reached skill level 4 in Short Blades
   633 | D:1      | Reached XP level 3. HP: 22/25 MP: 3/3
  1747 | D:3      | Noticed Jessica
  1756 | D:3      | Killed Jessica
  1756 | D:3      | Reached skill level 5 in Short Blades
  1756 | D:3      | Reached XP level 4. HP: 30/30 MP: 4/4
  1825 | D:3      | Gained mutation: You are dopey. (Int -2) [potion of mutation]
  1825 | D:3      | Gained mutation: You passively map a small area around you. [potion of mutation]
  1825 | D:3      | Gained mutation: Armour fits poorly on your strangely shaped body. [potion of mutation]
  1826 | D:3      | Lost mutation: You are dopey. (Int -2) [potion of cure mutation]
  1826 | D:3      | Lost mutation: Armour fits poorly on your strangely shaped body. [potion of cure mutation]
  1826 | D:3      | Lost mutation: You passively map a small area around you. [potion of cure mutation]
  1855 | D:3      | Reached skill level 6 in Short Blades
  1868 | D:3      | Killed from afar by an orc wizard

Action                   |  1- 3 |  4- 6 || total
-------------------------+-------+-------++-------
Melee: Cutlass           |   110 |    29 ||   139
  Use: Scroll            |     7 |     5 ||    12
       Potion            |     1 |     5 ||     6
 Stab: Distracted        |     1 |       ||     1
  Eat: Beef jerky        |     1 |       ||     1
       Chunk             |     1 |       ||     1
